 Dungeon Crawl Stone Soup version 0.29-a0-323-g050149af67 (webtiles) character file.

Game seed: 10498672940724941560

237 oblizorion1 the Chopper (level 6, -8/52 HPs)
             Began as a Hill Orc Fighter on Apr 11, 2022.
             Mangled by Duvessa
             ... wielding a +0 short sword
              (11 damage)
             ... on level 3 of the Dungeon.
             The game lasted 00:13:42 (3723 turns).

oblizorion1 the Chopper (Hill Orc Fighter)          Turns: 3723, Time: 00:13:45

Health: -8/52      AC: 10    Str: 19    XL:     6   Next: 6%
Magic:  6/6        EV:  7    Int:  8    God:
Gold:   177        SH:  4    Dex: 12    Spells: 5/5 levels left

rFire   . . .      SeeInvis .   a - +0 war axe
rCold   . . .      Faith    .   c - +0 buckler
rNeg    . . .      Spirit   .   n - +0 chain mail
rPois   .          Reflect  .   x - +0 helmet
rElec   .          Harm     .   (no cloak)
rCorr   .          Rampage  .   (no gloves)
Will    +....                   (no boots)
Stlth   ..........              (no amulet)
HPRegen 0.17/turn               u - ring of willpower
MPRegen 0.10/turn               (no ring)

@: no status effects
A: no striking features
a: no special abilities


You were on level 3 of the Dungeon.
You visited 1 branch of the dungeon, and saw 4 of its levels.

You collected 219 gold pieces.
You spent 42 gold pieces at shops.

Inventory:

Hand Weapons
 a - a +0 war axe (weapon)
 q - a +0 trident
 v - the +5 hand axe of the Endless Expanse {vorpal, rN+ Str-5 Int+6}
   (You took it off a goblin on level 3 of the Dungeon)

   It inflicts extra damage upon your enemies.
   Str:       It affects your strength (-5).
   Int:       It affects your intelligence (+6).
   rN:        It protects you from negative energy.
 w - a +0 club
Missiles
 m - 4 poisoned darts (quivered)
Armour
 c - a +0 buckler (worn)
 n - a +0 chain mail (worn)
 x - a +0 helmet (worn)
Jewellery
 u - a ring of willpower (left hand)
Scrolls
 e - a scroll of holy word {unknown}
 g - a scroll of enchant armour {unknown}
 h - a scroll of magic mapping
 i - a scroll of noise {unknown}
 j - a scroll of vulnerability {unknown}
 k - 3 scrolls of teleportation
 r - a scroll of summoning {unknown}
 s - a scroll of identify
Potions
 b - a potion of haste {unknown}
 d - 3 potions of might
 f - 2 potions of brilliance {unknown}
 l - a potion of heal wounds
 o - 2 potions of curing
 p - a potion of mutation {unknown}
 t - a potion of resistance {unknown}


   Skills:
 + Level 4.2 Fighting
 + Level 5.4 Axes
 + Level 0.1 Throwing
 + Level 4.8 Armour
 + Level 1.3 Dodging
 + Level 0.1 Stealth
 + Level 3.6 Shields


You had 5 spell levels left.
You didn't know any spells.
Your spell library contained the following spells:

 Spells                   Type           Power      Damage    Failure   Level
 Animate Skeleton         Necr           0%         N/A       99%         1
 Apportation              Tloc           0%         N/A       99%         1
 Summon Small Mammal      Summ           0%         N/A       99%         1


Dungeon Overview and Level Annotations

Branches:
Dungeon (4/15)
 Temple: D:4-7

Altars:
Vehumet
Wu Jian
Yredelemnul

Shops:
D:1 *[   D:2 !

Annotations:
D:3 Duvessa
D:4 Ijyb


Message History

* * * LOW HITPOINT WARNING * * *
You hit Duvessa.
Duvessa is heavily wounded.
Duvessa hits you with a +0 short sword.
* * * LOW HITPOINT WARNING * * *
You feel much better. Dowan hits you but does no damage.
Duvessa closely misses you.
Items here: ))) [ ÷ †††.
You hit Dowan.
Dowan is moderately wounded.
You hit Duvessa. Dowan hits you with a +0 dagger.
Duvessa hits you but does no damage.
You hit Dowan.
Dowan is moderately wounded.
You hit Duvessa but do no damage. Dowan hits you but does no damage.
Duvessa hits you but does no damage.
You slash Dowan!
Dowan is almost dead.
You slash Duvessa! Dowan hits you but does no damage.
Duvessa hits you with a +0 short sword! Dowan hits you with a +0 dagger.
* * * LOW HITPOINT WARNING * * *
Duvessa hits you but does no damage.
You hit Dowan.
Dowan is almost dead.
You closely miss Duvessa.
Dowan mumbles some strange words.
Dowan blinks!
Duvessa closely misses you.
You closely miss Dowan.
Dowan is almost dead.
You barely miss Duvessa. Dowan hits you but does no damage.
Duvessa hits you with a +0 short sword!
* * * LOW HITPOINT WARNING * * *
You hit Dowan.
You kill Dowan!
Duvessa weeps, and shakes her weapon.
Duvessa goes berserk!
You hit Duvessa but do no damage. Duvessa hits you with a +0 short sword.
* * * LOW HITPOINT WARNING * * *
Duvessa hits you with a +0 short sword!
You die...

####.#...####
..##.#...##.##
#.....#..#.#.##########
#..#.###..#...........#
#..##.#..#...##.#.###.#
#....).........###.##.#
#
##.############)#)###.#
## #.# ##>## #)# #. #.#
#########@# #.# ## #.#
#........e# #.# # #.#
#>######### #.# #.# #.#
#.# ##.# #.# #.# ...#
#.# #.# #### #.# #.# #
#.# #.# ## #.#
#.####### #.


You could see Duvessa (berserk).

Vanquished Creatures
  A phantom (D:3)
  Dowan (D:3)
  An iguana (D:3)
  Robin (D:3)
  3 adders
  4 worms
  3 dart slugs
  An orc (D:3)
  8 ball pythons
  5 endoplasms
  2 giant cockroaches
  19 goblins
  9 hobgoblins
  4 jackals
  2 quokkas
  6 bats
  2 frilled lizards
  3 kobolds
  4 rats
79 creatures vanquished.

Notes
Turn   | Place    | Note
-------+----------+-------------------------------------------
     0 | D:1      | oblizorion1 the Hill Orc Fighter began the quest for the
                  | Orb.
     0 | D:1      | Reached XP level 1. HP: 19/19 MP: 1/1
   184 | D:1      | Found Wiygaram's Antique Armour Boutique.
   341 | D:1      | Found Fozuepn's General Store.
   573 | D:1      | Reached XP level 2. HP: 21/27 MP: 2/2
  1232 | D:2      | Reached XP level 3. HP: 20/33 MP: 3/3
  1350 | D:2      | Found a basalt altar of Yredelemnul.
  1420 | D:2      | Reached skill level 3 in Axes
  1473 | D:2      | Reached skill level 1 in Dodging
  1866 | D:2      | Reached XP level 4. HP: 32/40 MP: 4/4
  1938 | D:2      | Found a faded altar of an unknown god.
  1993 | D:2      | Found Ytaop's Distillery.
  2002 | D:2      | Bought a potion of curing for 42 gold pieces
  2245 | D:3      | Reached skill level 4 in Axes
  2506 | D:3      | Found an ornate altar of the Wu Jian Council.
  2506 | D:3      | Found a radiant altar of Vehumet.
  2609 | D:3      | Reached XP level 5. HP: 44/46 MP: 5/5
  2748 | D:3      | Noticed a phantom
  2767 | D:3      | Killed a phantom
  2768 | D:3      | Reached skill level 5 in Axes
  3059 | D:4      | Noticed Ijyb
  3347 | D:4      | Identified the +5 hand axe of the Endless Expanse {vorpal,
                  | rN+ Str-5 Int+6}
  3348 | D:4      | Noticed Robin
  3348 | D:4      | Noticed Duvessa
  3349 | D:4      | Noticed Dowan
  3606 | D:3      | Killed Robin
  3607 | D:3      | Reached XP level 6. HP: 50/52 MP: 6/6
  3723 | D:3      | Killed Dowan
  3723 | D:3      | Mangled by Duvessa

Illustrated notes

Levels and vault maps discovered:
D:1:      lemuel_arrival_tunnels, layout_loops_corners, serial_shops,
          nicolae_shop_statue_plus, shop
D:2:      layout_basic, nicolae_ecumenical_snake_handling, basic_altar,
          serial_shops, nicolae_lakefront_shop
D:3:      layout_loops_ring, gammafunk_temple_overflow_wave,
          chequers_serial_rivers_micro_e
D:4:      minmay_diamond_boxcup, layout_rooms, marbit_many_paths, uniq_robin,
          uniq_duvessa, uniq_ijyb

Skill      XL: |  1  2  3  4  5 |
---------------+----------------+-----
Axes           | 3 4 5 |  5.4
Dodging        | 1 |  1.3
Armour         | 4 |  4.8
Fighting       | 4 |  4.2
Throwing       | |  0.1
Stealth        | |  0.1
Shields        | |  3.6

Action                   |  1- 3 |  4- 6 || total
-------------------------+-------+-------++-------
Melee: War axe           |    91 |   146 ||   237
Throw: Dart              |       |     4 ||     4
  Use: Scroll            |     2 |     3 ||     5
       Potion            |       |     1 ||     1
Armor: Scale mail        |    38 |       ||    38
       Chain mail        |       |   111 ||   111
Dodge: Dodged            |    41 |    62 ||   103
Block: Buckler           |    18 |    32 ||    50

Table legend: (Time is in decaauts)
 A = Elapsed time spent in this place.
 B = Non-inter-level travel time spent in this place.
 C = Inter-level travel time spent in this place.
 D = Time resting spent in this place.
 E = Time spent auto-exploring this place.
 F = Levels seen in this place.
 G = Mean time per level.
                   A        B        C        D        E       F      G
               +--------+--------+--------+--------+--------+-----+--------+
         Total |   3808 |   3705 |    103 |   1048 |   1645 |   4 |  952.0 |
       Dungeon |   3808 |   3705 |    103 |   1048 |   1645 |   4 |  952.0 |
               +--------+--------+--------+--------+--------+-----+--------+

Top non-repeatable levels by time:
     D:3: 1300 daAuts
     D:1: 1224 daAuts
     D:2: 958 daAuts
     D:4: 326 daAuts
